 Dungeon Crawl Stone Soup version 0.28.0-47-ge53b351184 (webtiles) character file.

Game seed: 9614380808290142938

777 issech the Shield-Bearer (level 7, -2/67 HPs)
             Began as a Troll Fighter on May 2, 2022.
             Slain by a bullfrog zombie (4 damage)
             ... on level 5 of the Dungeon.
             The game lasted 00:13:38 (4183 turns).

issech the Shield-Bearer (Troll Fighter)            Turns: 4183, Time: 00:13:39

Health: -2/67      AC:  5    Str: 25    XL:     7   Next: 54%
Magic:  6/6        EV:  9    Int:  4    God:
Gold:   189        SH:  8    Dex: 11    Spells: 6/6 levels left

rFire   . . .      SeeInvis +   k - +1 short sword (venom)
rCold   . . .      Faith    .   c - +0 kite shield
rNeg    . . .      Spirit   .   b - +0 robe
rPois   .          Reflect  .   (helmet restricted)
rElec   .          Harm     .   C - +0 cloak
rCorr   .          Rampage  .   (gloves unavailable)
Will    .....                   (boots unavailable)
Stlth   +.........              e - amulet of magic regeneration
HPRegen 1.01/turn               z - ring of see invisible
MPRegen 0.50/turn               (no ring)

@: no status effects
A: large, unfitting armour, claws 3, regeneration 1, shaggy fur 1, tough skin 1
a: no special abilities


You were on level 5 of the Dungeon.
You visited 1 branch of the dungeon, and saw 5 of its levels.

You collected 189 gold pieces.

Inventory:

Hand Weapons
 a - a +0 flail
 k - a +1 short sword of venom (weapon)
 o - a +0 dagger of electrocution
 s - a +2 rapier of electrocution
 A - a +1 vorpal hand axe
 B - a +3 quarterstaff of chaos
Missiles
 h - 15 sling bullets
 i - 72 arrows
 j - 161 stones (quivered)
 w - 29 bolts
 x - 3 boomerangs of dispersal
Armour
 b - a +0 robe (worn)
 c - a +0 kite shield (worn)
 C - a +0 cloak (worn)
Magical Staves
 n - a staff of earth
 q - a staff of death
Jewellery
 e - an amulet of magic regeneration (around neck)
 z - a ring of see invisible (left claw)
Scrolls
 f - 2 scrolls of immolation
 l - 4 scrolls of teleportation {unknown}
 p - 4 scrolls of identify {unknown}
 t - a scroll of enchant armour {unknown}
 u - a scroll of torment {unknown}
 v - a scroll of blinking {unknown}
 y - a scroll of vulnerability {unknown}
 E - a scroll of fear {unknown}
Potions
 d - a potion of might
 g - a potion of brilliance {unknown}
 m - a potion of magic {unknown}
 r - a potion of degeneration {unknown}
 D - a potion of curing {unknown}
 F - a potion of heal wounds {unknown}


   Skills:
 + Level 3.6 Fighting
 + Level 3.4 Short Blades
 + Level 2.7 Maces & Flails
 + Level 4.0 Dodging
 + Level 0.4 Stealth
 + Level 4.2 Shields


You had 6 spell levels left.
You didn't know any spells.
Your spell library was empty.

Dungeon Overview and Level Annotations

Branches:
Dungeon (5/15)
 Temple: D:4-7

Altars:
Fedhas


Innate Abilities, Weirdness & Mutations

You are too large for most types of armour.
You have claws for hands.
Your natural rate of healing is unusually fast.
You are covered in fur. (AC +1)
You have tough skin. (AC +1)


Message History

You completely miss the white imp.
The white imp is heavily wounded.
The bullfrog zombie closely misses you. The white imp closely misses you.
You hit the white imp.
The white imp is severely wounded.
The bullfrog zombie hits you but does no damage.
The bullfrog zombie hits you. You block the white imp's attack.
You hit the white imp.
The white imp is almost dead.
The bullfrog zombie hits you but does no damage.
The white imp gestures at you. The puff of frost hits you.
* * * LOW HITPOINT WARNING * * *
You closely miss the white imp.
The white imp is almost dead.
You block the bullfrog zombie's attack. The white imp hits you.
* * * LOW HITPOINT WARNING * * *
The white imp freezes you.
* * * LOW HITPOINT WARNING * * *
The bullfrog zombie hits you.
* * * LOW HITPOINT WARNING * * *
The white imp gestures at you. The puff of frost hits you.
* * * LOW HITPOINT WARNING * * *
You barely miss the white imp.
The white imp is almost dead.
The bullfrog zombie hits you.
* * * LOW HITPOINT WARNING * * *
The white imp puffs mist at you. You block the white imp's attack.
You completely miss the white imp.
The white imp is almost dead.
The bullfrog zombie barely misses you. The white imp gestures at you.
The puff of frost hits you!
* * * LOW HITPOINT WARNING * * *
The bullfrog zombie hits you but does no damage.
Okay, then.
The white imp barely misses you. The bullfrog zombie hits you.
You die...

###############
...............
......#.......
#######.........###
##.....###.....###§.
#[.≈≈≈...##...##...≈
#.≈≈≈≈≈...........≈≈
#(Z5≈≈...##...##..§§
##.@...###.....###..
#######.........###
........#...[...
#.##.#..######.# #
#.#.#.# # ..###.#.
..# # # ..


You could see a white imp and a bullfrog zombie.

Vanquished Creatures
  A phantom (D:4)
  Blork the orc (D:5)
  A scorpion (D:4)
  A water moccasin skeleton (D:5)
  A howler monkey (D:5)
  A crimson imp (D:5)
  Crazy Yiuf (D:4)
  2 orc priests (D:4)
  2 orc wizards (D:4)
  A hound zombie (D:5)
  6 gnolls
  11 adders
  3 ufetubi
  A worm (D:4)
  2 dart slugs (D:1)
  12 orcs (D:4)
  7 bats
  7 endoplasms
  3 giant cockroaches
  7 goblins
  8 hobgoblins
  8 jackals (D:1)
  9 quokkas
  5 ball pythons
  6 frilled lizards
  10 kobolds
  25 rats
142 creatures vanquished.

Vanquished Creatures (others)
  A plant (D:2)
1 creature vanquished.

Grand Total: 143 creatures vanquished

Notes
Turn   | Place    | Note
-------+----------+-------------------------------------------
     0 | D:1      | issech the Troll Fighter began the quest for the Orb.
     0 | D:1      | Reached XP level 1. HP: 22/22 MP: 0/0
    21 | D:1      | Found a faded altar of an unknown god.
    63 | D:1      | Reached XP level 2. HP: 29/29 MP: 1/1
   363 | D:1      | Reached XP level 3. HP: 32/36 MP: 2/2
  1011 | D:2      | Reached XP level 4. HP: 28/44 MP: 3/3
  1511 | D:2      | Reached skill level 1 in Short Blades
  1511 | D:2      | Reached XP level 5. HP: 49/53 MP: 4/4
  2430 | D:3      | Found a blossoming altar of Fedhas.
  2655 | D:4      | Noticed a phantom
  2676 | D:4      | Reached XP level 6. HP: 39/61 MP: 5/5
  3644 | D:4      | Reached XP level 7. HP: 67/67 MP: 6/6
  3669 | D:4      | Found a runed translucent door.
  3670 | D:4      | Noticed Crazy Yiuf
  3793 | D:4      | Killed Crazy Yiuf
  3848 | D:5      | Entered Level 5 of the Dungeon
  3891 | D:5      | Noticed Blork the orc
  3907 | D:5      | Killed Blork the orc
  4182 | D:5      | HP: 1/67 [white imp/puff of frost (7)]
  4183 | D:5      | Slain by a bullfrog zombie

Illustrated notes

Levels and vault maps discovered:
D:1:      dpeg_arrival_ratfight, layout_loops_ring,
          hellmonk_ecumenical_altar_blasted
D:2:      minmay_chambers_of_twos, layout_basic, minmay_crystal_water,
          nicolae_grassy_gnolls
D:3:      layout_rooms, fedhas_altar_fruit_tree, minmay_rat_hole
D:4:      layout_basic, minmay_between, uniq_crazy_yiuf_cottage
D:5:      layout_loops_cross, nicolae_sif_muna_little_library,
          minmay_fire_ice_demons, uniq_ijyb, uniq_pikel, uniq_blork_the_orc

Skill      XL: |  1  2  3  4  5  6  7 |
---------------+----------------------+-----
Maces & Flails | 2 |  2.7
Shields        | 3 4 |  4.2
Dodging        | 3 4 |  4.0
Fighting       | 3 |  3.6
Short Blades   | 1 2 3 |  3.4
Stealth        | |  0.4

Action                   |  1- 3 |  4- 6 |  7- 9 || total
-------------------------+-------+-------+-------++-------
Melee: Flail             |   142 |       |       ||   142
       Short sword       |    26 |   301 |    76 ||   403
 Stab: Sleeping          |     1 |       |       ||     1
Armor: Robe              |    88 |    96 |    15 ||   199
Dodge: Dodged            |    87 |   109 |    30 ||   226
Block: Kite shield       |    80 |   131 |    30 ||   241
